 Dungeon Crawl Stone Soup version 0.21-a0-404-g291f19a (webtiles) character file.

124 tof the Slasher (level 4, -8/40 HPs)
             Began as a Minotaur Berserker on Oct 29, 2017.
             Was a Believer of Trog.
             Killed by nerve-wracking pain
             ... invoked by an orc priest
              (10 damage)
             ... on level 3 of the Dungeon.
             The game lasted 00:02:48 (2154 turns).

tof the Slasher (Minotaur Berserker)                Turns: 2154, Time: 00:02:48

Health: -8/40      AC:  5    Str: 23    XL:     4   Next: 81%
Magic:  3/3        EV: 12    Int:  4    God:    Trog [**....]
Gold:   127        SH:  0    Dex:  9    Spells: 3/3 levels left

rFire    . . .     SeeInvis .   j - +2 dagger (drain)
rCold    . . .     Gourm    .   (no shield)
rNeg     . . .     Faith    +   o - +0 ring mail
rPois    .         Spirit   .   (helmet restricted)
rElec    .         Reflect  .   (no cloak)
rCorr    .         Harm     .   (no gloves)
MR       .....                  (no boots)
Stlth    ..........             t - amulet of faith
HPRegen  0.13/turn              n - ring of flight
MPRegen  0.08/turn              (no ring)

@: no status effects
A: retaliatory headbutt, horns 2
a: Berserk, Trog's Hand, Burn Spellbooks, Renounce Religion, Evoke Flight


You were on level 3 of the Dungeon.
You worshipped Trog.
Trog was pleased with you.
You were not hungry.

You visited 1 branch of the dungeon, and saw 3 of its levels.

You collected 127 gold pieces.

Inventory:

Hand Weapons
 a - a +0 falchion
 j - a +2 dagger of draining (weapon)
Missiles
 b - 24 poisoned needles
Armour
 o - a +0 ring mail (worn)
Jewellery
 n - a ring of flight (left hand)
 t - an amulet of faith (around neck)
Scrolls
 d - a scroll of enchant weapon {unknown}
 e - a scroll of fog {unknown}
 g - a scroll of blinking {unknown}
 i - 7 scrolls of identify {unknown}
 k - 2 scrolls of enchant armour {unknown}
 u - 2 scrolls of remove curse {unknown}
Potions
 h - 2 potions of cancellation {unknown}
 m - a potion of berserk rage {unknown}
 p - a potion of flight {unknown}
 q - a potion of magic {unknown}
 s - a potion of resistance {unknown}
Comestibles
 c - a bread ration
 f - a meat ration
 l - 2 royal jellies
 r - 2 chunks of flesh


   Skills:
 + Level 4.2 Fighting
 * Level 5.0 Long Blades
 + Level 1.7 Throwing
 + Level 3.1 Armour
 + Level 2.9 Dodging


You had 3 spell levels left.
You didn't know any spells.

Dungeon Overview and Level Annotations

Branches:
Dungeon (3/15)

Altars:
Elyvilon
Qazlal
Trog


Innate Abilities, Weirdness & Mutations

You reflexively headbutt those who attack you in melee.
You have a pair of horns on your head.


Message History

* * * LOW HITPOINT WARNING * * *
Things that are here:
a flail; an orc corpse You closely miss the orc.
The orc priest invokes the aid of Beogh against you.
Beogh smites you!
* * * LOW HITPOINT WARNING * * *
You hit the orc. Your headbutt misses the orc.
The orc is almost dead.
The orc closely misses you. You furiously retaliate!
You headbutt the orc!
You kill the orc!
Trog accepts your kill.
You closely miss the orc priest. Your headbutt misses the orc priest.
You closely miss the orc priest.
The orc priest miscasts a cantrip.
You hit the orc priest. You headbutt the orc priest!
The orc priest is almost dead.
The orc priest calls down the wrath of Beogh upon you.
Pain shoots through your body!
You die...

#.# #.# #.# #.# #.# #.#
#># #.# ###.# #.# ....#
#.## ##### #..## ##
#.>...#.######.##
.######.....###.@oo....#
##....##.### #.######.##
#......## ... †.)(....#
#### ........# (.......#
........# #......##
##....##


You could see an orc priest and an orc.

Vanquished Creatures
  An iguana (D:2)
  An ooze (D:2)
  3 dart slugs (D:1)
  A leopard gecko (D:1)
  2 orcs (D:3)
  16 giant cockroaches
  8 goblins
  5 hobgoblins
  11 jackals
  A quokka (D:2)
  A ball python (D:1)
  5 bats
  9 frilled lizards
  6 kobolds
  4 rats
74 creatures vanquished.

Notes
Turn   | Place    | Note
-------+----------+-------------------------------------------
     0 | D:1      | tof the Minotaur Berserker began the quest for the Orb.
     0 | D:1      | Reached XP level 1. HP: 19/19 MP: 0/0
   591 | D:1      | Reached XP level 2. HP: 24/27 MP: 1/1
   599 | D:1      | Reached skill level 4 in Long Blades
  1070 | D:1      | Reached ** piety under Trog
  1070 | D:1      | Reached skill level 1 in Throwing
  1244 | D:1      | Reached XP level 3. HP: 33/33 MP: 2/2
  1639 | D:2      | Reached XP level 4. HP: 40/40 MP: 3/3
  1815 | D:2      | Found a stormy altar of Qazlal.
  1873 | D:2      | Found a bloodstained altar of Trog.
  1873 | D:2      | Found a white marble altar of Elyvilon.
  2064 | D:3      | Reached skill level 5 in Long Blades
  2150 | D:3      | HP: 1/40 [orc priest/divine providence (9)]
  2154 | D:3      | Killed from afar by an orc priest

Vault maps used:
D:1:      dpeg_arrival_stone_temple_mockup, st_stairs_12, minmay_lizard_king
D:2:      grunt_temple_overflow_open
D:3:      minmay_roachtagon, first_bread, chequers_ecumenical_altar_island

Skill      XL: |  1  2  3  4 |
---------------+-------------+-----
Long Blades    | 4 5 |  5.0
Throwing       | 1 |  1.7
Fighting       | 4 |  4.2
Armour         | 3 |  3.1
Dodging        | |  2.9

Action                   |  1- 3 |  4- 6 || total
-------------------------+-------+-------++-------
Melee: Falchion          |    36 |       ||    36
       Headbutt          |     7 |    10 ||    17
       Dagger            |    29 |    70 ||    99
 Stab: Sleeping          |     1 |       ||     1
  Eat: Chunk             |     2 |     2 ||     4
Armor: Animal skin       |     9 |       ||     9
       Ring mail         |       |    25 ||    25
Dodge: Dodged            |    55 |    57 ||   112
       Rpst.: Falchion   |     8 |       ||     8

Table legend:
 A = Spawn XP
 B = Non-spawn XP
 C = Spawn XP percentage of total XP
 D = Spawn monster count
 E = Non-spawn monster count
 F = Spawn count percentage of total count
 G = Total turns spent on level
                    A         B        C        D         E        F      G
               +---------+---------+-------+---------+---------+-------+---------
         Total |       0 |     178 |   0.0 |       0 |      74 |   0.0 |  2154
               +---------+---------+-------+---------+---------+-------+---------
           D:1 |       0 |      49 |   0.0 |       0 |      29 |   0.0 |  1487
           D:2 |       0 |      87 |   0.0 |       0 |      25 |   0.0 |   512
           D:3 |       0 |      42 |   0.0 |       0 |      20 |   0.0 |   155
               +---------+---------+-------+---------+---------+-------+---------
